 Dungeon Crawl Stone Soup version 0.30-a0-1018-g25214051b3 (webtiles) character file.

Game seed: 5067978531453654000

267 ytrimaz the Shield-Bearer (level 6, -3/47 HPs)
             Began as a Formicid Fighter on Apr 8, 2023.
             Killed by divine providence
             ... invoked by an orc priest
              (14 damage)
             ... on level 3 of the Dungeon.
             The game lasted 00:02:59 (2976 turns).

ytrimaz the Shield-Bearer (Formicid Fighter)        Turns: 2976, Time: 00:02:59

Health: -3/47      AC:  9    Str: 18 (21) XL:     6   Next: 45%
Magic:  6/6        EV:  9    Int:  8 (9)  God:
Gold:   44         SH:  5    Dex: 12 (13) Spells: 3/5 levels left

rFire   + + .      SeeInvis +    a - +0 war axe
rCold   . . .      Faith    .    c - +0 buckler
rNeg    . . .      Spirit   .    g - +1 scale mail {rF+}
rPois   .          Reflect  .    (helmet unavailable)
rElec   .          Rampage  .    n - +0 cloak
rCorr   .                        (no gloves)
Will    .....                    (no boots) Stlth
                                 (no amulet)
HPRegen 0.27/turn                j - ring of protection from fire
MPRegen 0.10/turn                (no ring)

@: no status effects
A: permanent stasis, dig shafts and tunnels, antennae 3, four strong arms
a: Dig, Shaft Self


You were on level 3 of the Dungeon.
You visited 1 branch of the dungeon, and saw 3 of its levels.
You also visited: Sewer.

You collected 122 gold pieces.
You spent 78 gold pieces at shops.


Innate Abilities, Weirdness & Mutations

You cannot be hasted, slowed, berserked, paralysed or teleported.
You can dig through walls and to a lower floor.
You have a pair of large antennae on your head. (SInv)
Your four strong arms can wield two-handed weapons with a shield.


   Skills:
 - Level 3.4 Fighting
 + Level 4.5 Axes
 - Level 3.4 Armour
 + Level 6.8 Shields


You had 3 spell levels left.
You knew the following spells:

 Your Spells              Type           Power      Damage    Failure   Level
a - Wereblood             Tmut           0%         N/A       94%         2

Your spell library contained the following spells:

 Spells                   Type           Power      Damage    Failure   Level
 Sublimation of Blood     Necr           0%         N/A       94%         2
 Summon Hydra             Summ           0%         N/A       100%        7

Inventory:

Hand Weapons
 a - a +0 war axe (weapon)
Missiles
 k - a throwing net
Armour
 c - a +0 buckler (worn)
 g - a +1 scale mail of fire resistance (worn)
   (You found it on level 2 of the Dungeon)
 n - a +0 cloak (worn)
   (You found it on level 3 of the Dungeon)
Jewellery
 j - a ring of protection from fire (left hand)
   (You found it on level 3 of the Dungeon)
Wands
 b - a wand of roots (14)
   (You found it on level 2 of the Dungeon)
Scrolls
 d - a scroll of vulnerability {unknown}
 e - a scroll of amnesia {unknown}
 h - a scroll of poison {unknown}
 i - a scroll of blinking {unknown}
 l - 3 scrolls of identify {unknown}
 m - 2 scrolls of enchant armour {unknown}
 q - a scroll of magic mapping {unknown}
 r - a scroll of teleportation {unknown}
 t - a scroll of torment {unknown}
Potions
 f - a potion of attraction {unknown}
 o - a potion of curing
 s - a potion of mutation {unknown}
 u - 2 potions of resistance

Dungeon Overview and Level Annotations

Branches:
Dungeon (3/15) Zot: 15173   Sewer (visited)

Altars:

Shops:
D:3

! #.##### #o# #.##..###.#
..# #{# #.###.# +## #.#
#.# #.# ##.## #.###.###.#
##>..## #.........# ###
#.....##########.#####
##.## ##...#...........#
#.#.#######.##o###########
##..........)@)#
###############


You could see an orc priest.


Message History

You block the goblin's attack. 😕 HP[+1]
The goblin attacks as you move away! The goblin hits you but does no damage.
You barely miss the goblin.
The goblin hits you but does no damage. x2
You barely miss the goblin.
The goblin hits you but does no damage. 😕 HP[+1]
You barely miss the goblin. The goblin hits you but does no damage.
Unknown command.
You hit the goblin. You block the goblin's attack.
The goblin hits you but does no damage.
The orc priest invokes the aid of Beogh against you.
Pain shoots through your body! 😮 HP[-13]
You take 13 damage, and now have 25/47 hp.
MASSIVE DAMAGE!! (PAUSE)
You feel better. The goblin hits you but does no damage.
The orc priest invokes the aid of Beogh against you.
You struggle to resist. 😮 HP[+6]
You regained 6 hp, and now have 31/47 hp.
It was a potion of degeneration.
There was something very wrong with that liquid.
You feel weakened.
You feel dopey.
You feel clumsy. The goblin barely misses you.
Unknown command.
You hit the goblin but do no damage. You barely miss the orc priest.
The goblin hits you but does no damage.
The orc priest hits you with a +2 war axe of draining.
You feel drained. 😮 HP[-6]
You now have 46 max hp (-1).
You take 6 damage, and now have 25/46 hp.
You closely miss the orc priest. You hit the goblin.
The goblin hits you but does no damage.
The orc priest hits you with a +2 war axe of draining.
You feel drained.
You now have 45 max hp (-1).
You slash the orc priest! You hit the goblin.
You kill the goblin!
The orc priest barely misses you.
Unknown command.
You slash the orc priest!
You kill the orc priest!
You hit the orc but do no damage. The orc hits you with a +0 dagger.
* * * LOW HITPOINT WARNING * * *
The orc priest hits you with a +0 dagger.
* * * LOW HITPOINT WARNING * * *
The orc misses you.
Your life force feels restored. 😨 HP[-7]
You now have 47 max hp (+2).
You take 7 damage, and now have 18/47 hp.
You slash the orc!
You kill the orc!
You barely miss the orc priest. You slash the orc!
You kill the orc!
The orc priest hits you but does no damage. 😨 HP[+1] Unknown command.
You completely miss the orc priest. The orc priest completely misses you.
Unknown command.
You hit the orc priest. You block the orc priest's attack.
The orc priest mumbles some strange prayers to Beogh against you.
Beogh smites you!
* * * LOW HITPOINT WARNING * * *
😱 HP[-12]
You take 12 damage, and now have 7/47 hp.
MASSIVE DAMAGE!! (PAUSE)
You barely miss the orc priest.
The orc priest closely misses you. 😱 HP[+1]
You feel better.
The orc priest hits you but does no damage. 😨 HP[+9]
You regained 9 hp, and now have 17/47 hp.
Unknown command.
You slash the orc priest!
You block the orc priest's attack. 😨 HP[+1]
You barely miss the orc priest.
The orc priest hits you but does no damage.
The orc priest miscasts a cantrip.
Unknown command.
You closely miss the orc priest.
The orc priest hits you with a +0 dagger.
* * * LOW HITPOINT WARNING * * *
😨 HP[-5]
You take 5 damage, and now have 13/47 hp.
You closely miss the orc priest.
The orc priest calls down the wrath of Beogh upon you.
Pain shoots through your body!
* * * LOW HITPOINT WARNING * * *
😱 HP[-2]
You take 2 damage, and now have 11/47 hp.
You hit the orc priest but do no damage.
The orc priest hits you but does no damage.
The orc priest looks encouraged for a moment.
Unknown command.
You hit the orc priest.
The orc priest mumbles some strange prayers to Beogh against you.
Beogh smites you!
You die...

Skill      XL: |  1  2  3  4  5 |
---------------+----------------+-----
Shields        | 5 6 |  6.8
Axes           | 3 4 |  4.5
Fighting       | |  3.4
Armour         | |  3.4

Action                     |  1- 3 |  4- 6 || total
---------------------------+-------+-------++-------
  Melee: War axe           |   104 |   143 ||   247
Ability: Dig               |     2 |       ||     2
    Use: Potion            |     1 |     6 ||     7
 Armour: Scale mail        |    51 |    76 ||   127
  Dodge: Dodged            |    55 |    49 ||   104
  Block: Buckler           |    36 |    36 ||    72

Levels and vault maps discovered:
D:1:      saegor_arrival_simple_c, layout_loops_corners, serial_aquarium,
          aquarium_bridge_straight [aquarium_subvault_bridge,
          aquarium_subvault_window, aquarium_subvault_bridge,
          aquarium_subvault_wall], aquarium_window_corner, aquarium_window_2,
          aquarium_view_2d, aquarium_pool_2, minmay_indecisive_spiral
D:2:      layout_loops_ring, hellmonk_ecumenical_altar_inner_sanctum,
          uniq_jessica, uniq_robin
D:3:      layout_loops_corners, mainiacjoe_overflow_alcove_4, serial_shops,
          shop, portal_sewer_entry_a, small_statue_intersection,
          minmay_misc_feat_rugged

Notes
Turn   | Place    | Note
-------+----------+-------------------------------------------
     0 | D:1      | ytrimaz the Formicid Fighter began the quest for the Orb.
     0 | D:1      | Reached XP level 1. HP: 18/18 MP: 1/1
     0 | D:1      | magus.rc [v1.9.6]
   171 | D:1      | Reached XP level 2. HP: 24/24 MP: 2/2
   532 | D:1      | Reached XP level 3. HP: 29/29 MP: 3/3
  1113 | D:2      | Noticed Robin
  1129 | D:2      | Reached skill level 5 in Shields
  1133 | D:2      | Reached skill level 3 in Axes
  1138 | D:2      | Killed Robin
  1139 | D:2      | Reached XP level 4. HP: 22/35 MP: 4/4
  1492 | D:2      | Reached XP level 5. HP: 41/41 MP: 5/5
  1532 | D:2      | Found a faded altar of an unknown god.
  1540 | D:2      | HP: 8/41 [gnoll/+0 spear (8)]
  1772 | D:2      | Noticed Jessica
  1777 | D:2      | Killed Jessica
  1778 | D:2      | Reached skill level 4 in Axes
  1778 | D:2      | Reached skill level 6 in Shields
  2038 | D:3      | You pick up a book of Blood and begin reading...
  2038 | D:3      | You add the spells Sublimation of Blood, Wereblood and
                  | Summon Hydra to your library.
  2079 | D:3      | Learned a level 2 spell: Wereblood
  2294 | D:3      | Found Lywoom Ful's Distillery.
  2298 | D:3      | Bought 2 potions of curing for 78 gold pieces
  2427 | D:3      | Reached XP level 6. HP: 47/47 MP: 6/6
  2520 | D:3      | Found a glowing drain.
  2555 | Sewer    | Entered a sewer
  2968 | D:3      | HP: 7/47 [orc priest/divine providence (12)]
  2974 | D:3      | HP: 11/47 [orc priest/nerve-wracking pain (3)]
  2976 | D:3      | Killed from afar by an orc priest

Vanquished Creatures
  An orc priest (D:3)
  Jessica (D:2)
  A hell rat (Sewer)
  Robin (D:2)
  4 gnolls (D:2)
  3 adders
  A river rat (Sewer)
  A white imp (D:3)
  A worm (D:3)
  2 orcs (D:3)
  7 ball pythons
  9 bats
  7 endoplasms
  5 giant cockroaches
  19 goblins
  3 hobgoblins
  2 jackals (D:3)
  6 quokkas
  A frilled lizard (D:1)
  5 kobolds
  12 rats
92 creatures vanquished.

Table legend:
 A = Non-vault XP
 B = Vault XP
 C = Vault XP percentage of total XP
 D = Non-vault monster count
 E = Vault monster count
 F = Vault count percentage of total count
                 A         B        C        D         E       F
            +---------+---------+-------+---------+---------+-------
      Total |     249 |     133 |  34.8 |      64 |      28 |  30.4
            +---------+---------+-------+---------+---------+-------
        D:1 |      40 |       7 |  14.9 |      24 |       4 |  14.3
        D:2 |     114 |      70 |  38.0 |      24 |      12 |  33.3
        D:3 |      95 |       4 |   4.0 |      16 |       4 |  20.0
      Sewer |       0 |      52 | 100.0 |       0 |       8 | 100.0
            +---------+---------+-------+---------+---------+-------

Illustrated notes

Table legend:
 A = Kills in this place as a percentage of kills in the entire game.
 B = Kills by you in this place as a percentage of kills by you in the entire game.
 C = Kills by friends in this place as a percentage of kills by friends in the entire game.
 D = Other kills in this place as a percentage of other kills in the entire game.
 E = Experience gained in this place as a percentage of experience gained in the entire game.
 F = Experience gained in this place divided by the number of levels of this place that you have seen.
                   A       B       C       D       E      F
               +-------+-------+-------+-------+-------+----------------------
         Total | 100.0 | 100.0 |   N/A |   N/A | 100.0 |  95.5
       Dungeon |  91.3 |  91.3 |   N/A |   N/A |  86.4 | 110.0
         Sewer |   8.7 |   8.7 |   N/A |   N/A |  13.6 |  52.0
               +-------+-------+-------+-------+-------+----------------------

Table legend: (Time is in decaauts)
 A = Elapsed time spent in this place.
 B = Non-inter-level travel time spent in this place.
 C = Inter-level travel time spent in this place.
 D = Time resting spent in this place.
 E = Time spent auto-exploring this place.
 F = Levels seen in this place.
 G = Mean time per level.
                   A        B        C        D        E       F      G
               +--------+--------+--------+--------+--------+-----+--------+
         Total |   3078 |   3009 |     69 |      0 |   2313 |   4 |  769.5 |
       Dungeon |   2825 |   2756 |     69 |      0 |   2122 |   3 |  941.7 |
         Sewer |    253 |    253 |      0 |      0 |    190 |   1 |  253.0 |
               +--------+--------+--------+--------+--------+-----+--------+

Top non-repeatable levels by time:
     D:1: 1098 daAuts
     D:2: 912 daAuts
     D:3: 814 daAuts
   Sewer: 253 daAuts
